 Dungeon Crawl Stone Soup version 0.27.1-34-g3ba077fa99 (webtiles) character file.

Game seed: 13363726664170323250

4269 Gartch the Destroyer (level 10, -3/77 HPs)
             Began as a Grey Draconian Conjurer on Jan 8, 2022.
             Was a Follower of Vehumet.
             Slain by an orc warrior (19 damage)
             ... in a bailey on Jan 9, 2022.
             The game lasted 01:16:33 (11898 turns).

Gartch the Destroyer (Grey Draconian Conjurer)     Turns: 11898, Time: 01:16:33

Health: -3/77      AC: 15    Str: 11    XL:     10   Next: 10%
Magic:  15/22      EV: 13    Int: 27    God:    Vehumet [*.....]
Gold:   384        SH:  0    Dex:  9    Spells: 6/13 levels left

rFire    . . .     SeeInvis .   j - +0 dagger (venom)
rCold    . . .     Faith    .   (no shield)
rNeg     . . .     Spirit   .   (armour unavailable)
rPois    .         Reflect  .   (helmet restricted)
rElec    .         Harm     .   (no cloak)
rCorr    .         Rampage  .   p - +0 pair of gloves
Will     .....                  d - +1 pair of boots
Stlth    ++........             (no amulet)
HPRegen  0.22/turn              a - ring of magical power
MPRegen  0.18/turn              z - +6 ring of intelligence

@: no status effects
A: AC +12, amphibious, unfitting armour, cold-blooded
a: Renounce Religion


You were in a bailey.
You worshipped Vehumet.
Vehumet was aware of your devotion.
You visited 2 branches of the dungeon, and saw 11 of its levels.
You also visited: Bailey.

You collected 384 gold pieces.

Inventory:

Hand Weapons
 j - a +0 dagger of venom (weapon)
 r - a +2 whip of freezing
 t - a +1 dagger of draining
 I - the +9 spear "Zasoug" {vorpal, *Corrode rN+ Int+2}
   (You took it off an orc on level 9 of the Dungeon)

   It inflicts extra damage upon your enemies.
   Int:       It affects your intelligence (+2).
   rN:        It protects you from negative energy.
   *Corrode:  It may corrode you when you take damage.
Armour
 d - a +1 pair of boots (worn)
 p - a +0 pair of gloves (worn)
 w - the +0 pair of gloves of the Eight of Cups {Drain rPois rC+}
   (You found it on level 6 of the Dungeon)

   rC:        It protects you from cold.
   rPois:     It protects you from poison.
   Drain:     It drains your maximum health when unequipped.
 y - a +2 tower shield
Magical Staves
 J - a staff of earth
Jewellery
 a - a ring of magical power (left hand)
 c - a ring of protection from cold
 m - a ring of see invisible
 u - a ring of ice
 z - a +6 ring of intelligence (right hand)
 D - a +6 ring of dexterity
 E - a ring of resist corrosion
Wands
 s - a wand of iceblast (7)
 x - a wand of flame (19)
 F - a wand of polymorph (7)
Scrolls
 b - a scroll of identify
 g - a scroll of enchant weapon
 l - a scroll of enchant armour
 q - a scroll of magic mapping
 v - a scroll of vulnerability {unknown}
 A - a scroll of blinking {unknown}
 C - a scroll of immolation {unknown}
 G - a scroll of acquirement {unknown}
 H - a scroll of noise {unknown}
Potions
 e - a potion of resistance
 f - a potion of heal wounds
 h - 3 potions of curing
 i - 4 potions of lignification
 k - a potion of might
 n - 2 potions of brilliance
 B - a potion of flight


   Skills:
 + Level 3.6 Fighting
 - Level 7.1 Dodging
 - Level 1.7 Stealth
 - Level 2.0 Spellcasting
 * Level 12.2 Conjurations
 - Level 2.4 Fire Magic


You had 6 spell levels left.
You knew the following spells:

 Your Spells              Type           Power      Damage    Failure   Level
a - Magic Dart            Conj           100%       1d8       1%          1
b - Searing Ray           Conj           100%       3d7       1%          2
c - Dazzling Flash        Conj/Hex       70%        N/A       2%          3
d - Foxfire               Conj/Fire      100%       2x1d9     1%          1

Your spell library contained the following spells:

 Spells                   Type           Power      Damage    Failure   Level
 Mephitic Cloud           Conj/Pois/Air  24%        N/A       5%          3
 Fulminant Prism          Conj/Hex       17%        3d11      8%          4
 Iskenderun's Mystic Bla  Conj/Tloc      35%        2d8       8%          4
 Call Imp                 Summ           2%         N/A       14%         2
 Slow                     Hex            2%         N/A       14%         2
 Confusing Touch          Hex            2%         N/A       28%         3
 Vampiric Draining        Necr           1%         2d6       28%         3


Dungeon Overview and Level Annotations

Branches:
Dungeon (10/15)            Temple (1/1) D:6          Bailey (1/1)
   Lair: D:8-11         Orc: D:9-12

Altars:
Ashenzari
Cheibriados
Dithmenos
Elyvilon
Hepliaklqana
Kikubaaqudgha
Makhleb
Nemelex Xobeh
Okawaru
Qazlal
Ru
Sif Muna
Trog
Uskayaw
Vehumet
Wu Jian
Yredelemnul
Zin
The Shining One

Shops:
D:3 :   D:8 ?

Annotations:
D:3 library
D:4 1 exclusion, Menkaure


Innate Abilities, Weirdness & Mutations

Your dull iron-grey scales are very hard. (AC +12)
You are amphibious.
You cannot fit into any form of body armour.
You are cold-blooded and may be slowed by cold attacks.


Message History

The orc warrior hits you from afar with a +4 halberd.
The searing ray hits the orc warrior!
The orc warrior is heavily wounded.
The orc warrior barely misses you.
Unknown command.
Press: ? - help, v - describe, . - travel
Here: an orc warrior, wielding a +4 halberd and wearing a +0 ring mail (heavily wounded, strong)
The floor.
Unknown command.
Okay, then.
The searing ray hits the orc warrior.
The orc warrior is lightly wounded.
The searing ray hits the orc warrior!
The orc warrior is severely wounded.
The orc warrior closely misses you.
The searing ray misses the orc warrior.
The searing ray hits the orc warrior.
The orc warrior is almost dead.
You finish channeling your searing ray.
The orc warrior closely misses you. x2
The orc knight barely misses you.
Casting: Searing Ray (safe; 1% risk of failure)
Confirm with . or Enter, or press ? or * to list all spells.
Aiming: Searing Ray (safe; 1% risk of failure)
Press: ? - help, Shift-Dir - straight line, f - orc knight, p - orc warrior
Aim: an orc knight, wielding a +0 halberd and wearing a +0 ring mail (79% to hit)
The searing ray hits the orc knight.
The orc knight is lightly wounded. (Press . to maintain the ray.)
The orc warrior misses you. The orc warrior closely misses you.
The orc knight hits you from afar with a +0 halberd!
The searing ray hits the orc knight.
The orc knight is lightly wounded.
The orc warrior hits you from afar with a +0 halberd!!
The orc warrior hits you from afar with a +0 halberd!
* * * LOW HITPOINT WARNING * * *
The orc knight barely misses you.
As you read the scroll labelled PUMNIMY MIGIKASAXT, it crumbles to dust.
The scroll dissolves into smoke.
It was a scroll of fog.
The orc warrior hits you but does no damage.
The orc warrior hits you from afar with a +0 halberd!!
You die...

..≈≈#.#≈≈≈≈≈≈≈≈ ≈≈≈≈≈≈≈≈≈≈#.# ..
..≈##.##≈≈≈≈≈≈≈ ≈≈≈≈≈≈≈≈≈##.##≈..
..≈..^..≈≈≈≈≈≈o ≈≈≈≈≈≈≈≈..^. ≈..
..≈##.∩#≈≈≈≈≈≈≈ ≈≈≈≈≈≈≈#∩.##≈..
..≈≈#)#≈≈≈≈≈≈#######≈≈≈≈≈≈#.#≈≈..
..≈≈≈≈≈≈≈≈≈≈##≈≈≈≈##≈≈≈≈≈≈≈≈≈≈≈..
..≈≈≈≈≈≈≈≈≈##≈≈§§≈##≈≈≈≈≈)≈≈≈≈≈..
..≈≈≈≈≈≈≈≈##≈≈#§§§##≈≈≈≈≈≈≈≈≈≈≈..
..≈≈≈≈≈≈≈≈#≈≈##§@§##≈≈##≈≈≈≈≈≈≈..
).≈≈≈≈≈≈≈##≈####§####≈##≈≈≈≈≈)≈..
..≈≈≈≈≈≈≈##≈')#ooo#)'≈##≈≈≈≈≈≈≈..
..≈≈≈≈)≈≈##≈###o8.###≈##≈≈≈≈≈≈≈..
..≈≈≈≈≈≈≈##≈')#?.[#)'≈##≈≈≈≈≈≈≈..
..≈≈≈≈≈≈≈##≈#########≈##≈≈≈≈≈≈≈..
..≈≈≈≈≈≈≈≈#≈≈##)#)##≈≈#≈≈≈≈≈≈≈≈..
..≈≈≈≈≈≈≈≈##≈≈#'#'#≈≈##≈≈≈≈≈≈≈≈..
..≈≈≈≈≈≈≈≈≈##≈≈≈≈≈≈≈##≈≈≈≈≈≈≈≈≈..


You could see an orc knight and 3 orc warriors.

Vanquished Creatures
  Pikel (D:4)
  A steam dragon (D:7)
  A water moccasin (D:7)
  10 orc warriors
  2 ice beasts (D:6)
  2 black bears (D:6)
  An ogre (D:5)
  3 necrophages
  3 centaurs
  A phantom (D:5)
  2 kobold brigands (D:4)
  2 gnoll sergeants
  4 scorpions
  2 bullfrogs
  A killer bee (D:7)
  4 howler monkeys
  An electric eel (D:7)
  A centaur zombie (D:5)
  2 hounds
  2 orc priests
  2 bullfrog skeletons
  2 centaur skeletons
  Ijyb (D:4)
  2 orc wizards
  An iguana (D:6)
  A killer bee zombie (D:7)
  A hound zombie (D:4)
  A hound skeleton (D:4)
  2 howler monkey zombies
  11 gnolls
  7 adders
  A shadow imp (D:7)
  A white imp (D:8)
  2 dart slugs
  33 orcs
  3 ball pythons
  8 endoplasms
  6 giant cockroaches
  5 goblins
  8 hobgoblins
  2 jackals (D:1)
  12 kobolds
  2 quokkas
  2 bats (D:3)
  6 frilled lizards
  7 rats
175 creatures vanquished.

Vanquished Creatures (others)
  A plant (D:7)
1 creature vanquished.

Grand Total: 176 creatures vanquished

Notes
Turn   | Place    | Note
-------+----------+-------------------------------------------
     0 | D:1      | Gartch the Draconian Conjurer began the quest for the Orb.
     0 | D:1      | Reached XP level 1. HP: 14/14 MP: 3/3
   473 | D:1      | Reached XP level 2. HP: 20/20 MP: 5/5
   476 | D:1      | Learned a level 2 spell: Searing Ray
  1224 | D:2      | Found a faded altar of an unknown god.
  1665 | D:2      | Reached XP level 3. HP: 26/26 MP: 6/6
  2276 | D:3      | Reached skill level 5 in Conjurations
  2466 | D:3      | Reached XP level 4. HP: 33/33 MP: 7/7
  2943 | D:3      | Noticed a centaur
  3036 | D:3      | Found Saovo's Book Shoppe.
  3098 | D:3      | Killed a centaur
  3099 | D:3      | Reached XP level 5. HP: 21/38 MP: 8/8
  3280 | D:3      | Reached skill level 6 in Conjurations
  3548 | D:4      | Noticed Pikel
  3552 | D:4      | Noticed a lemure
  3553 | D:4      | Noticed a lemure
  3557 | D:4      | Reached XP level 6. HP: 39/45 MP: 9/9
  4002 | D:4      | Killed Pikel
  4003 | D:4      | Reached skill level 8 in Conjurations
  4003 | D:4      | Your scales start taking on a dull iron-grey colour.
  4003 | D:4      | Reached XP level 7. HP: 50/50 MP: 9/10
  4403 | D:4      | Noticed Ijyb
  4409 | D:4      | Killed Ijyb
  4410 | D:4      | Reached skill level 5 in Dodging
  4659 | D:4      | Noticed Menkaure
  4715 | D:5      | Entered Level 5 of the Dungeon
  4794 | D:5      | Reached XP level 8. HP: 56/57 MP: 11/11
  5006 | D:4      | Reached skill level 9 in Conjurations
  5550 | D:6      | Found a bloodstained altar of Trog.
  5822 | D:6      | Identified the +0 pair of gloves of the Eight of Cups
                  | {Drain rPois rC+}
  5891 | D:6      | Reached skill level 10 in Conjurations
  6219 | D:5      | Reached XP level 9. HP: 62/62 MP: 12/12
  6223 | D:5      | Learned a level 3 spell: Dazzling Flash
  6635 | D:5      | Found a hazy altar of Hepliaklqana.
  6906 | D:6      | Found a staircase to the Ecumenical Temple.
  6914 | Temple   | Entered the Ecumenical Temple
  6998 | Temple   | Became a worshipper of Vehumet
  7759 | D:6      | Reached skill level 11 in Conjurations
  8719 | D:7      | Reached skill level 1 in Fighting
  8884 | D:7      | Reached * piety under Vehumet
  8884 | D:7      | Offered knowledge of Foxfire by Vehumet.
  8887 | D:7      | Learned a level 1 spell: Foxfire
  9388 | D:8      | Found Ototaroa's Magic Scroll Shop.
  9630 | D:8      | Reached skill level 1 in Fire Magic
 10042 | D:8      | You fall into a shaft and drop 2 floors!
 10042 | D:10     | Entered Level 10 of the Dungeon
 10156 | D:9      | Noticed a troll
 10244 | D:9      | Identified the +9 spear "Zasoug" {vorpal, *Corrode rN+
                  | Int+2}
 10247 | D:9      | Found a flagged portal.
 10290 | Bailey   | Entered a bailey
 10729 | Bailey   | Reached skill level 12 in Conjurations
 10729 | Bailey   | Reached XP level 10. HP: 74/77 MP: 13/13
 11891 | Bailey   | Noticed an orc knight
 11898 | Bailey   | Slain by an orc warrior

Illustrated notes

Levels and vault maps discovered:
D:1:      tarquinn_simple_flora_water_d, layout_basic, kennysheep_another_room
D:2:      layout_loops_ring, shapermc_ecumenical_altar_venn
D:3:      layout_rooms, serial_shops, shop_fountains,
          chequers_serial_rivers_micro_c, st_stairs_11, minmay_divided_ellipse
D:4:      cheibrodos_thug_alley, layout_basic, uniq_ijyb, uniq_pikel,
          uniq_menkaure
D:5:      layout_layer_cave, mainiacjoe_overflow_alcove_4,
          nicolae_underground_beach
D:6:      layout_layer_cave, trog_ov_bears_minmay, minmay_temple_entry_hall
D:7:      layout_rooms, serial_bayou_lake_a
D:8:      layout_cave_pools, nicolae_take_the_stairs, kennysheep_small_square
D:9:      layout_roguey, enter_bailey_2
D:10:     minmay_the_grid_octo_triangle [minmay_the_grid_octo_odd_swirl,
          minmay_the_grid_octo_prize_single_spiral, minmay_the_grid_octo_chip],
          layout_cave_pods, grunt_lair_entry_orc_guard_hut, serial_shops,
          nicolae_shop_statue_plus, uniq_maggie
Temple:   regret_index_temple_chain_breaker
Bailey:   bailey_polearm_2, bailey

Skill      XL: |  1  2  3  4  5  6  7  8  9 |
---------------+----------------------------+-----
Dodging        | 2 3 4 5 6 7 |  7.1
Conjurations   | 5 6 8 10 12 | 12.2
Fighting       | 3 |  3.6
Fire Magic     | 2 |  2.4
Stealth        | |  1.7
Spellcasting   | |  2.0

Action                   |  1- 3 |  4- 6 |  7- 9 | 10-12 || total
-------------------------+-------+-------+-------+-------++-------
Melee: Hand axe          |     4 |       |       |       ||     4
       Dagger            |     4 |    24 |     9 |     3 ||    40
       Tailslap          |     1 |     1 |     1 |       ||     3
 Cast: Magic Dart        |    69 |    40 |   178 |    40 ||   327
       Searing Ray       |     7 |    10 |    63 |    10 ||    90
  Use: Scroll            |       |       |     9 |     1 ||    10
 Stab: Sleeping          |     2 |       |       |     1 ||     3
Armor: Skin              |     6 |    12 |    53 |    13 ||    84
Dodge: Dodged            |     4 |    27 |    76 |    34 ||   141
